 Dungeon Crawl Stone Soup version 0.32-a0-913-g739538a (webtiles) character file.

Game seed: 17097046717330513675

34 Hug the Sneak (level 3, 0/28 HPs)
             Began as a Demonspawn Brigand on Apr 7, 2024.
             Slain by a gnoll
             ... wielding a +0 halberd
              (11 damage)
             ... on level 2 of the Dungeon.
             The game lasted 00:02:33 (1049 turns).

Hug the Sneak (Demonspawn Brigand)                  Turns: 1049, Time: 00:02:34

Health: 0/28       AC:  8    Str: 11    XL:     3   Next: 14%
Magic:  3/3        EV:  7    Int: 11    God:
Gold:   43         SH:  0    Dex: 16    Spells: 2/2 levels left

rFire   . . .        a - +2 dagger
rCold   . . .        (no shield)
rNeg    . . .        m - +0 scale mail
rPois   .            (no helmet)
rElec   .            c - +0 cloak
rCorr   .            (no gloves)
SInv    .            d - +0 pair of boots
Will    .....        (no amulet)
Stlth   +            (no ring)
HPRegen 0.24/turn    (no ring)
MPRegen 0.08/turn

%: no passive effects
@: no status effects
A: foul stench 1
a: no special abilities


You were on level 2 of the Dungeon.
You visited 1 branch of the dungeon, and saw 2 of its levels.

You collected 43 gold pieces.

Inventory:

Hand Weapons
 a - a +2 dagger (weapon)
Missiles
 e - 3 curare-tipped darts
 f - 6 boomerangs
 l - 2 poisoned darts (quivered)
Armour
 b - a +0 robe
 c - a +0 cloak (worn)
 d - a +0 pair of boots (worn)
 m - a +0 scale mail (worn)
Scrolls
 h - a scroll of brand weapon {unknown}
 i - a scroll of identify {unknown}
 j - a scroll of enchant weapon {unknown}
 k - 2 scrolls of fog {unknown}
 n - 2 scrolls of immolation {unknown}
Potions
 g - a potion of ambrosia {unknown}
 o - a potion of brilliance {unknown}
 p - a potion of curing {unknown}


   Skills:
 + Level 2.3 Fighting
 + Level 2.1 Short Blades
 + Level 2.1 Throwing
 + Level 1.3 Dodging
 + Level 3.8 Stealth


You had 2 spell levels left.
You didn't know any spells.
Your spell library contained the following spells:

 Spells                   Type           Power      Damage    Failure   Level
 Leda's Liquefaction      Alch/Erth      0%         N/A       100%        4
 Petrify                  Alch/Erth      0%         N/A       100%        4
 Metabolic Englaciation   Hex/Ice        0%         N/A       100%        5


Dungeon Overview and Level Annotations

Branches:
Dungeon (2/15)

Altars:


Innate Abilities, Weirdness & Mutations

You may rarely emit foul miasma when damaged in melee.


Message History

Found a robe.
Found a stone staircase leading down.
A quokka comes into view.
You throw a poisoned dart. The poisoned dart hits the quokka.
The quokka is poisoned.
You hit the quokka.
The quokka is almost dead.
You kill the quokka!
No target in view!
No target in view!
No target in view!
l - 3 poisoned darts (gained 1)
There is a stone staircase leading down here. 2 gnolls come into view.
You throw a poisoned dart.
The poisoned dart closely misses the gnoll.
The gnoll hits you from afar with a +0 halberd!
The gnoll hits you with a +0 whip.
You hit the gnoll.
The gnoll is lightly wounded.
The gnoll hits you but does no damage. The gnoll barely misses you.
You hit the gnoll.
The gnoll is heavily wounded.
The gnoll closely misses you. The gnoll completely misses you.
You barely miss the gnoll.
The gnoll is heavily wounded.
The gnoll hits you from afar with a +0 halberd.
The gnoll closely misses you.
You completely miss the gnoll.
The gnoll is heavily wounded.
The gnoll closely misses you.
The gnoll hits you from afar with a +0 halberd.
You hit the gnoll.
The gnoll is severely wounded.
The gnoll hits you but does no damage. The gnoll barely misses you.
You hit the gnoll but do no damage.
The gnoll is severely wounded.
The gnoll hits you but does no damage.
The gnoll hits you from afar with a +0 halberd!
You die...

###############
#.............#
#.###########@#
####.##### #g#
........># #g#
####.###.# #.#
#.# #.# #.# #.#
#.# ..# #.###.#
### ..#...#
#####.####


You could see 2 gnolls.

Vanquished Creatures
  A dart slug (D:1)
  2 bats (D:1)
  2 endoplasms (D:1)
  2 giant cockroaches (D:1)
  5 goblins (D:1)
  2 hobgoblins (D:1)
  3 jackals (D:1)
  A quokka (D:2)
  A ball python (D:1)
  2 frilled lizards (D:1)
  6 kobolds (D:1)
  2 rats (D:1)
29 creatures vanquished.

Notes
Turn   | Place    | Note
-------+----------+-------------------------------------------
     0 | D:1      | Hug the Demonspawn Brigand began the quest for the Orb.
     0 | D:1      | Reached XP level 1. HP: 16/16 MP: 1/1
    64 | D:1      | Reached skill level 1 in Dodging
   150 | D:1      | Gained mutation: You may rarely emit foul miasma when
                  | damaged in melee. [demonic ancestry]
   150 | D:1      | Reached XP level 2. HP: 22/22 MP: 2/2
   660 | D:1      | Reached XP level 3. HP: 28/28 MP: 3/3
  1049 | D:2      | Slain by a gnoll

Illustrated notes

Levels and vault maps discovered:
D:1:      tekkud_arrival_beachfront_property, layout_basic, minmay_bisected
D:2:      layout_basic

Skill      XL: |  1  2 |
---------------+-------+-----
Dodging        | 1 |  1.3
Short Blades   | 2 |  2.1
Throwing       | 2 |  2.1
Fighting       | |  2.3
Stealth        | |  3.8

Action                     || total
---------------------------++-------
  Melee: Dagger            ||    74
  Throw: Dart              ||    51
 Armour: Robe              ||    17
         Scale mail        ||    29
  Dodge: Dodged            ||    33

Table legend: (Time is in decaauts)
 A = Elapsed time spent in this place.
 B = Non-inter-level travel time spent in this place.
 C = Inter-level travel time spent in this place.
 D = Time resting spent in this place.
 E = Time spent auto-exploring this place.
 F = Levels seen in this place.
 G = Mean time per level.
                   A        B        C        D        E       F      G
               +--------+--------+--------+--------+--------+-----+--------+
         Total |   1038 |   1031 |      7 |      0 |    798 |   2 |  519.0 |
       Dungeon |   1038 |   1031 |      7 |      0 |    798 |   2 |  519.0 |
               +--------+--------+--------+--------+--------+-----+--------+

Top non-repeatable levels by time:
     D:1: 997 daAuts
     D:2: 40 daAuts
